 Dungeon Crawl Stone Soup version 0.22.0-49-gab54619674 (webtiles) character file.

93 JedernureinKreuz the Conjurer (level 4, 0/24 HPs)
             Began as a Deep Elf Conjurer on Sept 6, 2018.
             Killed by divine providence
             ... invoked by an orc priest
              (13 damage)
             ... on level 3 of the Dungeon.
             The game lasted 00:23:39 (1748 turns).

JedernureinKreuz the Conjurer (Deep Elf Conjurer)   Turns: 1748, Time: 00:23:39

Health: 0/24       AC:  9    Str:  5    XL:     4   Next: 36%
Magic:  0/11       EV: 13    Int: 21    God:
Gold:   82         SH:  0    Dex: 15    Spells: 3/10 levels left

rFire    . . .     SeeInvis .   e - +0 dagger (protect)
rCold    . . .     Gourm    .   (no shield)
rNeg     . . .     Faith    .   q - +0 robe
rPois    .         Spirit   .   (no helmet)
rElec    .         Reflect  .   (no cloak)
rCorr    .         Harm     .   (no gloves)
MR       .....                  (no boots)
Stlth    ++........             j - amulet of the acrobat
HPRegen  0.08/turn              (no ring)
MPRegen  0.12/turn              (no ring)

@: protection aura
A: no striking features
a: no special abilities


You were on level 3 of the Dungeon.
You were hungry.

You visited 1 branch of the dungeon, and saw 3 of its levels.

You collected 82 gold pieces.

Inventory:

Hand Weapons
 e - a +0 dagger of protection (weapon)
Missiles
 p - 20 poisoned needles (quivered)
 r - 13 sling bullets
Armour
 a - a +0 robe
 d - a +0 robe
 q - a +0 robe (worn)
Jewellery
 j - an amulet of the acrobat (around neck)
Scrolls
 f - a scroll of enchant armour {unknown}
 g - a scroll of magic mapping {unknown}
 h - a scroll of remove curse {unknown}
 i - a scroll of fear {unknown}
 m - a scroll of identify {unknown}
 n - a scroll of teleportation
Potions
 b - a potion of berserk rage {unknown}
 k - 2 potions of heal wounds {unknown}
 l - a potion of invisibility {unknown}
 o - a potion of haste {unknown}
Comestibles
 c - 3 rations
 s - 4 chunks of flesh


   Skills:
 + Level 1.3 Short Blades
 + Level 3.2 Dodging
 + Level 3.4 Stealth
 + Level 3.8 Spellcasting
 + Level 5.0 Conjurations


You had 3 spell levels left.
You knew the following spells:

 Your Spells              Type           Power        Failure   Level  Hunger
a - Magic Dart            Conj           ####         1%          1    None
b - Searing Ray           Conj           ####..       2%          2    #......
c - Iskenderun's Mystic   Conj           ####....     16%         4    ####...

Your spell library contained the following spells:

 Spells                   Type           Power        Failure   Level  Hunger
 Dazzling Spray           Conj/Hex       ##....       13%         3    ###....
 Force Lance              Conj/Tloc      ##......     41%         4    ####...
 Fulminant Prism          Conj/Hex       ##........   41%         4    ####...


Dungeon Overview and Level Annotations

Branches:
Dungeon (3/15)

Altars:


Message History

The orc priest is severely wounded.
The orc priest barely misses you.
The frilled lizard hisses angrily.
You hit the orc priest but do no damage.
The orc priest is severely wounded.
The orc priest misses you.
You hit the orc priest but do no damage.
The orc priest is severely wounded.
The orc priest hits you but does no damage.
Casting: Magic Dart (safe; 1% risk of failure)
Confirm with . or Enter, or press ? or * to list all spells.
Aiming: Magic Dart (safe; 1% risk of failure)
Press: ? - help, Shift-Dir - straight line, f/p - orc priest
Aim: an orc priest, wielding a whip and wearing a scale mail (severely wounded)
The magic dart hits the orc priest.
The orc priest is severely wounded.
The orc priest invokes the aid of Beogh against you.
Beogh smites you!
Ouch! That really hurt!
You die...

#.# #..###....
#.#####..# ..#.
#........####...
#######<.......#
#.........
#########l##.####
#......o...#.#
#.#####o##)# #
#.# #@##.# #.#
#.##.# #.# #.##.#
#.# #..... #.#
####.#. #># #.###
#.# #.# #.# #.#
#.# #.#


You could see an orc priest, an orc and a frilled lizard.

Vanquished Creatures
  An orc wizard (D:3)
  2 adders (D:2)
  An ooze (D:3)
  A dart slug (D:2)
  A worm (D:2)
  A leopard gecko (D:2)
  3 orcs (D:3)
  A ball python (D:1)
  A giant cockroach (D:2)
  3 goblins
  3 hobgoblins
  A quokka (D:2)
  7 bats
  A frilled lizard (D:2)
  6 kobolds
  3 rats
36 creatures vanquished.

Notes
Turn   | Place    | Note
-------+----------+-------------------------------------------
     0 | D:1      | JedernureinKreuz the Deep Elf Conjurer began the quest for
                  | the Orb.
     0 | D:1      | Reached XP level 1. HP: 10/10 MP: 6/6
   190 | D:1      | Reached XP level 2. HP: 10/15 MP: 5/8
   194 | D:1      | Learned a level 2 spell: Searing Ray
  1161 | D:2      | Reached XP level 3. HP: 15/19 MP: 7/9
  1298 | D:2      | Reached skill level 1 in Short Blades
  1674 | D:3      | Reached skill level 5 in Conjurations
  1677 | D:3      | Reached XP level 4. HP: 15/24 MP: 1/11
  1683 | D:3      | Learned a level 4 spell: Iskenderun's Mystic Blast
  1748 | D:3      | Killed from afar by an orc priest

Skill      XL: |  1  2  3 |
---------------+----------+-----
Stealth        | 3 |  3.4
Short Blades   | 1 |  1.3
Dodging        | 3 |  3.2
Conjurations   | 5 |  5.0
Spellcasting   | |  3.8

Action                   |  1- 3 |  4- 6 || total
-------------------------+-------+-------++-------
Melee: Dagger            |    24 |    13 ||    37
       Unarmed           |     1 |       ||     1
 Cast: Magic Dart        |    67 |    10 ||    77
       Searing Ray       |     3 |       ||     3
  Use: Scroll            |     1 |       ||     1
  Eat: Chunk             |     2 |       ||     2
Armor: Robe              |     6 |     2 ||     8
Dodge: Dodged            |    27 |     9 ||    36
